 Dungeon Sprint DCSS version 0.30-a0-223-gcb0039aa0c (webtiles) character file.

Game seed: 5386641182612311906

65195 mhtbhm the Shatterer (level 14, -13/167 HPs)
             Began as an Armataur Berserker on Oct 9, 2022.
             Was the Champion of Trog.
             Killed from afar by Nikola (58 damage)
             ... with an arc of chain lightning
             ... in the Dungeon (Sprint IX: "|||||||||||||||||||||||||||||").
             The game lasted 00:15:12 (4950 turns).

mhtbhm the Shatterer (Armataur Berserker)           Turns: 4950, Time: 00:15:12

Health: -13/167    AC: 39    Str: 29    XL:     14   Next: 74%
Magic:  14/14      EV:  7    Int: 12    God:    Trog [******]
Gold:   1568       SH: 11    Dex: 10    Spells: 13/13 levels left

rFire   + . .      SeeInvis .    a - +2 morningstar (protect)
rCold   . . .      Faith    .    F - +0 kite shield {reflect}
rNeg    . . .      Spirit   .    b - +2 chain mail {rPois}
rPois   +          Reflect  +    x - +1 helmet {Int+3}
rElec   .          Harm     .    t - +0 cloak
rCorr   .          Roll     +    u - +1 pair of gloves
Will    +....      NoTele   +    l - +0 barding
Stlth   ..........               (no amulet)
HPRegen 0.47/turn                m - +3 ring of strength
MPRegen 0.14/turn                C - ring of protection from fire

@: under a protective aura, on berserk cooldown, slowed, very slow
A: large, rugged brown scales 3, deformed body, armoured tail, roll, long
tongue, awkward tongue
a: Renounce Religion, Berserk, Trog's Hand, Brothers in Arms


You were in the Dungeon.
You worshipped Trog.
Trog was exalted by your worship.
You visited 1 branch You collected 1926 gold pieces.
You spent 358 gold pieces at shops.

Inventory:

Hand Weapons
 a - a +2 morningstar of protection (weapon)
 H - a +7 great mace of flaming
Missiles
 n - 2 javelins
 v - 2 boomerangs of dispersal (quivered)
Armour
 b - a +2 chain mail of poison resistance (worn)
 l - a +0 barding (worn)
 t - a +0 cloak (worn)
 u - a +1 pair of gloves (worn)
 x - a +1 helmet of intelligence (worn)
 A - a +1 tower shield
 E - a +4 chain mail of cold resistance
 F - a +0 kite shield of reflection (worn)
Jewellery
 m - a +3 ring of strength (left hand)
 C - a ring of protection from fire (right hand)
 D - a ring of fire
Wands
 j - a wand of acid (3)
 y - a wand of roots (2)
 B - a wand of flame (10)
Scrolls
 h - 4 scrolls of blinking
 q - 4 scrolls of identify
 r - 4 scrolls of enchant armour
 s - a scroll of fog
Potions
 c - 7 potions of curing
 d - a potion of heal wounds
 e - a potion of haste
 f - 4 potions of magic
 g - 3 potions of berserk rage
 i - a potion of invisibility
 k - a potion of lignification
 o - 2 potions of mutation
 p - 2 potions of ambrosia
 w - 2 potions of might
 z - 2 potions of attraction


   Skills:
 + Level 23.4 Fighting
 + Level 23.7 Maces & Flails
 + Level 20.8 Armour
 - Level 8.1 Dodging
 - Level 3.0 Stealth
 * Level 10.7 Shields
 + Level 2.1 Evocations


You had 13 spell levels left.
You didn't know any spells.
Your spell library was empty.

Dungeon Overview and Level Annotations

Branches:
Dungeon (1/1)

Altars:
Cheibriados
Dithmenos
Elyvilon
Fedhas
Gozag
Hepliaklqana
Kikubaaqudgha
Makhleb
Nemelex Xobeh
Okawaru
Qazlal
Ru
Sif Muna
Trog
Uskayaw
Vehumet
Wu Jian
Xom
Yredelemnul
Zin
The Shining One
Jiyva
Lugonu

Shops:
D ((![

Annotations:
D Nikola


Innate Abilities, Weirdness & Mutations

You are completely covered in rugged brown scales. (AC +3, +7% HP)
Armour fits poorly on your strangely shaped body.
You have a long armoured tail.
You roll when moving toward enemies. (Rampage)
Your long tongue fully drains potion bottles. (2x potion effects)
Your tongue gives you trouble enunciating. (1.5x scroll delay)


Message History

Nikola points at you and mumbles some strange words.
The bolt of lightning hits you!
Unknown command.
Aiming: Corrosive Bolt
Press: ? - help, Shift-Dir - straight line, f/p - Nikola
Aim: Nikola, wielding a +1 rapier of electrocution, wearing a +0 cloak and wearing a +0 pair of gloves (black smoke, severely wounded, covered in acid, 75% to hit)
The bolt of acid hits Nikola!
Nikola seems to be corroded for longer.
Nikola is severely wounded.
Nikola points at you and mumbles some strange words.
The bolt of lightning misses you.
Nikola mumbles, "Hm, I wonder if you're conductive."
Nikola misses you.
Unknown command.
Aiming: Corrosive Bolt
Press: ? - help, Shift-Dir - straight line, f/p - Nikola
Aim: Nikola, wielding a +1 rapier of electrocution, wearing a +0 cloak and wearing a +0 pair of gloves (black smoke, severely wounded, covered in acid, 75% to hit)
The bolt of acid hits Nikola!!
Nikola seems to be corroded for longer.
Nikola is almost dead.
Nikola gestures at you while chanting. The bolt of lightning hits you!!
* * * LOW HITPOINT WARNING * * *
Unknown command.
Unknown command.
Press: ? - help, v - describe, . - travel
Here: Nikola, wielding a +1 rapier of electrocution, wearing a +0 cloak and wearing a +0 pair of gloves (black smoke, almost dead, covered in acid)
The floor.
You completely miss Nikola.
Nikola is almost dead.
Nikola hits you with a +1 rapier of electrocution.
* * * LOW HITPOINT WARNING * * *
You closely miss Nikola.
Your tail-slap misses Nikola.
Nikola is almost dead.
Nikola hits you but does no damage.
Unknown command.
You sock Nikola!
Your weapon exudes an aura of protection.
Nikola is almost dead.
Nikola mumbles some strange words.
Lightning arcs from Nikola's hands!
The bolt of lightning hits you!!!
You die...

▓▓▓▓▓▓▓▓▓▓▓▓▓▓▓▓▓▓▓▓▓▓▓▓▓▓▓▓
▓...........§§@@§§.§@.......
▓.▓▓▓▓▓▓▓▓▓▓▓▓▓▓▓▓▓▓▓▓▓▓▓▓▓▓▓▓▓
▓.........'.......).))))[))))))
▓▓▓▓▓▓▓▓▓▓▓▓▓▓▓▓▓▓▓▓▓▓▓▓▓▓▓▓▓▓▓
▓..........)).÷................
▓.▓▓▓▓▓▓▓▓▓▓▓▓▓▓▓▓▓▓▓▓▓▓♣♣♣♣♣♣♣
▓............'......)..)...))..
▓▓▓▓▓▓▓▓▓▓▓▓▓▓▓▓▓▓▓▓▓▓▓▓♣♣♣♣♣♣♣
▓..............................


You could see Nikola (corroded).

Vanquished Creatures
  Kirke (D)
  2 fire giants (D)
  Donald (D)
  An emperor scorpion (D)
  A ghost moth (D)
  A vault warden (D)
  A spriggan defender (D)
  A very ugly thing (D)
  2 ironbound preservers (D)
  An ironbound thunderhulk (D)
  2 stone giants (D)
  2 spark wasps (D)
  Azrael (D)
  2 eleionomae (D)
  A bunyip (D)
  Snorg (D)
  A merfolk javelineer (D)
  3 yaktaur captains (D)
  A fire dragon (D)
  2 hydras (D)
  An ice dragon (D)
  2 rakshasas (D)
  A catoblepas (D)
  A merfolk aquamancer (D)
  An anaconda (D)
  2 boulder beetles (D)
  4 centaur warriors (D)
  A jorogumo (D)
  An ironbound frostheart (D)
  A deep troll earth mage (D)
  3 orc high priests (D)
  A naga sharpshooter (D)
  A spriggan berserker (D)
  A vampire mage (D)
  A shock serpent (D)
  2 hell knights (D)
  2 pharaoh ants (D)
  A skeletal warrior (D)
  A spriggan druid (D)
  A wizard (D)
  2 deep elf pyromancers (D)
  A necromancer (D)
  6 orc knights (D)
  A wolf spider (D)
  3 ironbound convokers (D)
  2 manticores (D)
  2 orc sorcerers (D)
  3 will-o-the-wisps (D)
  A cyclops (D)
  3 ugly things (D)
  A moth of wrath (D)
  A salamander (D)
  An elephant (D)
  3 black mambas (D)
  Maurice (D)
  A naga mage (D)
  A rime drake (D)
  3 vault sentinels (D)
  2 cane toads (D)
  3 komodo dragons (D)
  An efreet (D)
  A demonic crawler (D)
  2 merfolk (D)
  A meliai (D)
  5 polar bears (D)
  A troll (shapeshifter) (D)
  A wind drake (D)
  A slime creature (D)
  A snapping turtle (D)
  3 yaks (D)
  2 wyverns (D)
  A vampire (D)
  3 basilisks (D)
  3 fire elementals (D)
  A water elemental (D)
  Eustachio (D)
  Grum (D)
  A hog (D)
  A redback (D)
  A vampire mosquito (D)
  A naga (D)
  2 water moccasins (D)
  3 hell hounds (D)
  9 orc warriors (D)
  4 black bears (D)
  5 wolves (D)
  3 bullfrogs (D)
  A gnoll sergeant (D)
  A scorpion (D)
  A killer bee (D)
  A hound (D)
  A jelly (D)
  3 orc priests (D)
  An iguana (D)
  3 orc wizards (D)
  12 orcs (D)
  An endoplasm (D)
  A goblin (D)
  A kobold (D)
  A quokka (D)
  A bat (D)
186 creatures vanquished.

Vanquished Creatures (collateral kills)
  A frost giant (D)
  An entropy weaver (D)
  An ettin (D)
  A fire dragon (shapeshifter) (D)
  A great orb of eyes (D)
  A peacekeeper (D)
  A wizard (D)
  An ironbound convoker (D)
  A tengu conjurer (D)
9 creatures vanquished.

Vanquished Creatures (others)
  A swamp dragon (D)
  A bloated husk (D)
  5 foxfires (D)
7 creatures vanquished.

Grand Total: 202 creatures vanquished

Notes
Turn   | Place    | Note
-------+----------+-------------------------------------------
     0 | D        | mhtbhm the Armataur Berserker began the quest for the Orb.
     0 | D        | Reached XP level 1. HP: 19/19 MP: 1/1
    10 | D        | Reached ** piety under Trog
    78 | D        | Noticed a jelly
    78 | D        | Noticed an iguana
    78 | D        | Noticed a black bear
    78 | D        | Noticed a hound
    78 | D        | Noticed a scorpion
    83 | D        | Killed a scorpion
    84 | D        | Reached skill level 5 in Maces & Flails
    84 | D        | Reached XP level 2. HP: 29/29 MP: 2/2
    84 | D        | Reached XP level 3. HP: 37/37 MP: 3/3
    87 | D        | Reached *** piety under Trog
    88 | D        | Reached skill level 5 in Fighting
    88 | D        | Reached XP level 4. HP: 44/44 MP: 4/4
    91 | D        | Killed a black bear
    92 | D        | Reached XP level 5. HP: 51/54 MP: 5/5
    96 | D        | Reached skill level 5 in Armour
   171 | D        | Found a snail-covered altar of Cheibriados.
   171 | D        | Found a shadowy altar of Dithmenos.
   171 | D        | Found a white marble altar of Elyvilon.
   171 | D        | Found a blossoming altar of Fedhas.
   171 | D        | Found an opulent altar of Gozag.
   172 | D        | Found a hazy altar of Hepliaklqana.
   173 | D        | Found a viscous altar of Jiyva.
   174 | D        | Found an ancient bone altar of Kikubaaqudgha.
   175 | D        | Found a corrupted altar of Lugonu.
   176 | D        | Found a burning altar of Makhleb.
   177 | D        | Found a sparkling altar of Nemelex Xobeh.
   178 | D        | Found an iron altar of Okawaru.
   179 | D        | Found a stormy altar of Qazlal.
   180 | D        | Found a sacrificial altar of Ru.
   181 | D        | Found a shimmering blue altar of Sif Muna.
   182 | D        | Found a bloodstained altar of Trog.
   183 | D        | Found a hide-covered altar of Uskayaw.
   184 | D        | Found a radiant altar of Vehumet.
   185 | D        | Found an ornate altar of the Wu Jian Council.
   186 | D        | Found a shimmering altar of Xom.
   187 | D        | Found a basalt altar of Yredelemnul.
   188 | D        | Found a glowing silver altar of Zin.
   189 | D        | Found a glowing golden altar of the Shining One.
   248 | D        | Noticed a wyvern
   248 | D        | Noticed a yak
   248 | D        | Noticed a yak
   248 | D        | Noticed a vampire
   251 | D        | Killed a vampire
   251 | D        | Reached **** piety under Trog
   252 | D        | Reached XP level 6. HP: 65/65 MP: 6/6
   255 | D        | Killed a yak
   256 | D        | Reached XP level 7. HP: 73/73 MP: 7/7
   262 | D        | Killed a yak
   262 | D        | Reached ***** piety under Trog
   263 | D        | Reached skill level 10 in Maces & Flails
   264 | D        | Killed a wyvern
   302 | D        | Noticed a centaur warrior
   302 | D        | Noticed a centaur warrior
   302 | D        | Noticed a vampire mosquito
   302 | D        | Noticed a komodo dragon
   302 | D        | Noticed a troll
   302 | D        | Noticed an efreet
   307 | D        | Killed an efreet
   308 | D        | Reached skill level 10 in Fighting
   308 | D        | Reached skill level 5 in Dodging
   308 | D        | Reached XP level 8. HP: 84/84 MP: 8/8
   311 | D        | Killed a troll
   316 | D        | Killed a komodo dragon
   325 | D        | Killed a centaur warrior
   326 | D        | Reached XP level 9. HP: 83/96 MP: 9/9
   329 | D        | Killed a centaur warrior
   329 | D        | Received a gift from Trog
   553 | D        | Noticed a cane toad
   554 | D        | Noticed a komodo dragon
   557 | D        | Killed a cane toad
   567 | D        | Noticed an elephant
   574 | D        | Killed a komodo dragon
   574 | D        | Received a gift from Trog
   581 | D        | Reached skill level 10 in Armour
   581 | D        | Reached XP level 10. HP: 107/107 MP: 10/10
   590 | D        | Killed an elephant
   641 | D        | Noticed a catoblepas
   643 | D        | Noticed a cane toad
   650 | D        | Killed a catoblepas
   651 | D        | Reached skill level 15 in Maces & Flails
   667 | D        | Reached ****** piety under Trog
   667 | D        | Received a gift from Trog
   671 | D        | Killed a cane toad
   745 | D        | Received a gift from Trog
   754 | D        | Reached XP level 11. HP: 118/118 MP: 11/11
   850 | D        | Noticed Eustachio
   860 | D        | Killed Eustachio
   929 | D        | Received a gift from Trog
   938 | D        | Noticed an orc sorcerer
   943 | D        | Received a gift from Trog
   950 | D        | Killed an orc sorcerer
  1032 | D        | Noticed an orc knight
  1043 | D        | Killed an orc knight
  1044 | D        | Reached skill level 1 in Stealth
  1044 | D        | Reached skill level 1 in Evocations
  1048 | D        | Received a gift from Trog
  1050 | D        | Noticed an orc knight
  1051 | D        | Reached skill level 15 in Fighting
  1061 | D        | Noticed an orc knight
  1069 | D        | Killed an orc knight
  1076 | D        | Killed an orc knight
  1160 | D        | Found Qiclot's Antique Armour Boutique.
  1160 | D        | Noticed an orc knight
  1160 | D        | Noticed an orc knight
  1160 | D        | Noticed an orc sorcerer
  1160 | D        | Noticed an orc high priest
  1166 | D        | Noticed an orc high priest
  1168 | D        | Killed an orc high priest
  1173 | D        | Noticed a sun demon
  1173 | D        | Killed an orc sorcerer
  1173 | D        | Received a gift from Trog
  1174 | D        | Found Senoom's Distillery.
  1179 | D        | Killed an orc knight
  1187 | D        | Killed an orc knight
  1188 | D        | Noticed a soul eater
  1191 | D        | Found Laujapsi's Antique Weapon Boutique.
  1205 | D        | Killed an orc high priest
  1205 | D        | Received a gift from Trog
  1220 | D        | Noticed an orc high priest
  1221 | D        | Found Biviokk's Antique Weapon Shop.
  1225 | D        | Noticed an orc knight
  1226 | D        | Killed an orc high priest
  1420 | D        | Killed an orc knight
  1635 | D        | Bought a potion of might for 48 gold pieces
  1635 | D        | Bought a potion of might for 48 gold pieces
  1637 | D        | Bought an embroidered hat for 154 gold pieces
  1664 | D        | Bought a potion of lignification for 36 gold pieces
  1664 | D        | Bought a potion of attraction for 36 gold pieces
  1664 | D        | Bought a potion of attraction for 36 gold pieces
  1725 | D        | Noticed Maurice
  1732 | D        | Killed Maurice
  1732 | D        | Received a gift from Trog
  1901 | D        | Noticed a boulder beetle
  1901 | D        | Noticed a skeletal warrior
  1901 | D        | Noticed a deep elf pyromancer
  1901 | D        | Noticed a centaur warrior
  1901 | D        | Noticed a deep elf pyromancer
  1901 | D        | Noticed a six-headed hydra
  1906 | D        | Killed a six-headed hydra
  1907 | D        | Noticed a centaur warrior
  1910 | D        | Killed a deep elf pyromancer
  1911 | D        | Reached XP level 12. HP: 132/132 MP: 12/12
  1914 | D        | Killed a centaur warrior
  1914 | D        | Received a gift from Trog
  1918 | D        | Noticed a fire dragon
  1927 | D        | Noticed a rakshasa
  1928 | D        | Killed a boulder beetle
  1934 | D        | Noticed a rakshasa
  1935 | D        | Killed a centaur warrior
  1936 | D        | Noticed a stone giant
  1948 | D        | Killed a fire dragon
  1948 | D        | Identified the +6 mace "Killer Bee's Doom" {flame, rElec
                  | rCorr Int-3 Dex+2} (Trog gifted it to you in the Dungeon)
  1948 | D        | Received a gift from Trog
  1954 | D        | Killed a rakshasa
  1959 | D        | Noticed an alligator
  1961 | D        | Killed a stone giant
  1962 | D        | Noticed an alligator
  1965 | D        | an alligator changed into a seven-headed hydra
  1965 | D        | Noticed a seven-headed hydra (glowing shapeshifter)
  1966 | D        | an alligator changed into a broodmother
  1966 | D        | Noticed a broodmother (glowing shapeshifter)
  1969 | D        | Killed a rakshasa
  1970 | D        | a seven-headed hydra changed into an alligator
  1970 | D        | Noticed an alligator (glowing shapeshifter)
  1973 | D        | an alligator changed into a fire dragon
  1973 | D        | Noticed a fire dragon (glowing shapeshifter)
  1974 | D        | Killed a fire dragon
  1974 | D        | Received a gift from Trog
  2249 | D        | Noticed Grum
  2259 | D        | Killed Grum
  2304 | D        | Noticed an anaconda
  2312 | D        | Killed an anaconda
  2320 | D        | Received a gift from Trog
  2321 | D        | Reached skill level 15 in Armour
  2347 | D        | Received a gift from Trog
  2589 | D        | Noticed a merfolk javelineer
  2594 | D        | Noticed a merfolk aquamancer
  2600 | D        | Reached XP level 13. HP: 109/146 MP: 13/13
  2607 | D        | Killed a merfolk javelineer
  2667 | D        | Received a gift from Trog
  2801 | D        | Noticed a bunyip
  2801 | D        | Noticed an eleionoma
  2801 | D        | Noticed an eleionoma
  2806 | D        | Killed an eleionoma
  2810 | D        | Killed an eleionoma
  2817 | D        | Killed a bunyip
  2838 | D        | Received a gift from Trog
  2965 | D        | Killed a ghost moth
  2967 | D        | Received a gift from Trog
  3101 | D        | Noticed a spark wasp
  3125 | D        | Killed a spark wasp
  3125 | D        | Identified the +12 dagger of Trog's Righteous Anger
                  | {vorpal, rCorr} (Trog gifted it to you in the Dungeon)
  3125 | D        | Received a gift from Trog
  3174 | D        | Noticed an emperor scorpion
  3329 | D        | Killed an emperor scorpion
  3375 | D        | Noticed Donald
  3386 | D        | Killed Donald
  3447 | D        | Noticed Azrael
  3463 | D        | Reached skill level 1 in Shields
  3471 | D        | Killed Azrael
  3472 | D        | Received a gift from Trog
  3699 | D        | Noticed Kirke
  3709 | D        | Killed Kirke
  3752 | D        | Noticed Snorg
  3762 | D        | Killed Snorg
  3762 | D        | Received a gift from Trog
  3797 | D        | Noticed a fire giant
  3797 | D        | Noticed a spriggan defender
  3797 | D        | Noticed a green very ugly thing
  3798 | D        | Noticed a stone giant
  3803 | D        | Killed a green very ugly thing
  3810 | D        | Killed a spriggan defender
  3814 | D        | Reached XP level 14. HP: 162/162 MP: 14/14
  3823 | D        | Reached skill level 5 in Shields
  3829 | D        | Killed a fire giant
  3837 | D        | Killed a stone giant
  3845 | D        | Received a gift from Trog
  3856 | D        | Noticed a frost giant
  3878 | D        | Received a gift from Trog
  3881 | D        | Killed a frost giant
  4178 | D        | Noticed a fire giant
  4194 | D        | Killed a fire giant
  4203 | D        | Received a gift from Trog
  4207 | D        | HP: 5/161 [fire giant simulacrum[a necromancer] (30)]
  4553 | D        | Noticed an ironbound preserver
  4553 | D        | Noticed a vault warden
  4564 | D        | Killed a vault warden
  4567 | D        | Killed an ironbound preserver
  4597 | D        | Received a gift from Trog
  4607 | D        | Noticed an ironbound preserver
  4611 | D        | Noticed an ironbound thunderhulk
  4616 | D        | Received a gift from Trog
  4621 | D        | Killed an ironbound preserver
  4622 | D        | Reached skill level 10 in Shields
  4624 | D        | Killed an ironbound thunderhulk
  4633 | D        | Received a gift from Trog
  4917 | D        | Noticed Nikola
  4950 | D        | Killed from afar by Nikola

Illustrated notes

Levels and vault maps discovered:
D:        linesprint [early_d, line_temple, items_1, d_10, items_2, lair_1,
          lair_end, items_3, orc_1, orc_end, items_4, d_15, swamp_1, shoals_1,
          snake_1, spider_1, d_20, vaults_1, items_5, swamp_end, shoals_end,
          snake_end, spider_end, vaults_end, d_27, items_6, zot_1, zot_end,
          crypt_end, forest_end, elf_end, slime_end, tomb_end, abyss_end,
          pan_hell_end]

Skill      XL: |  1  2  3  4  5  6  7  8  9 10 11 12 13 14 |
---------------+-------------------------------------------+-----
Fighting       | 4 5 6 8 10 11 12 14 16 19 21 23 | 23.4
Maces & Flails | 5 7 8 9 11 12 14 16 19 20 22 23 | 23.7
Armour         | 3 4 5 6 7 9 10 11 12 15 18 20 | 20.8
Dodging        | 2 3 4 5 6 7 8 |  8.1
Stealth        | 2 3 |  3.0
Evocations     | 1 2 |  2.1
Shields        | 4 10 | 10.7

Action                   |  1- 3 |  4- 6 |  7- 9 | 10-12 | 13-15 || total
-------------------------+-------+-------+-------+-------+-------++-------
Melee: Mace              |    17 |     8 |       |       |       ||    25
       Tailslap          |     2 |     1 |     7 |    45 |    74 ||   129
       Morningstar       |       |     6 |    60 |   329 |   413 ||   808
       Punch             |       |       |     1 |     3 |     7 ||    11
Invok: Berserk           |     1 |     1 |     2 |     6 |     7 ||    17
       Brothers in Arms  |       |       |       |     1 |     4 ||     5
Evoke: Wand              |       |       |       |     1 |     6 ||     7
  Use: Potion            |       |       |       |       |     5 ||     5
       Scroll            |       |       |       |       |     2 ||     2
Armor: Animal skin       |     3 |     1 |       |       |       ||     4
       Ring mail         |       |     3 |    19 |    29 |       ||    51
       Chain mail        |       |       |       |    76 |   192 ||   268
Dodge: Dodged            |     8 |     5 |    15 |    57 |    61 ||   146
Block: Kite shield       |       |       |       |       |     4 ||     4

Table legend: (Time is in decaauts)
 A = Elapsed time spent in this place.
 B = Non-inter-level travel time spent in this place.
 C = Inter-level travel time spent in this place.
 D = Time resting spent in this place.
 E = Time spent auto-exploring this place.
 F = Levels seen in this place.
 G = Mean time per level.
                   A        B        C        D        E       F      G
               +--------+--------+--------+--------+--------+-----+--------+
         Total |   4754 |   4754 |      0 |   2503 |      3 |   1 | 4754.0 |
       Dungeon |   4754 |   4754 |      0 |   2503 |      3 |   1 | 4754.0 |
               +--------+--------+--------+--------+--------+-----+--------+

Top non-repeatable levels by time:
       D: 4754 daAuts
